 Dungeon Crawl Stone Soup version 0.32-a0-747-gc8563f6773 (webtiles) character file.

Game seed: 15197182212833584270

81 Croata the Grasshopper (level 4, 0/34 HPs)
             Began as a Formicid Warper on Mar 17, 2024.
             Slain by Natasha (6 damage)
             ... on level 2 of the Dungeon.
             The game lasted 00:01:37 (1217 turns).

Croata the Grasshopper (Formicid Warper)            Turns: 1217, Time: 00:01:38

Health: 0/34       AC:  3    Str: 15    XL:     4   Next: 67%
Magic:  7/8        EV: 11    Int: 13    God:
Gold:   51         SH:  0    Dex: 15    Spells: 8/8 levels left

rFire   . . .        a - +0 spear
rCold   . . .        (no shield)
rNeg    . . .        b - +0 leather armour
rPois   .            (helmet unavailable)
rElec   .            (no cloak)
rCorr   .            (no gloves)
SInv    +            (no boots)
Will    .....        (no amulet)
Stlth   +            (no ring)
HPRegen 0.25/turn    (no ring)
MPRegen 0.11/turn

%: no passive effects
@: no status effects
A: permanent stasis, dig shafts and tunnels, antennae 3, four strong arms
a: Dig, Shaft Self


You were on level 2 of the Dungeon.
You visited 1 branch of the dungeon, and saw 2 of its levels.

You collected 51 gold pieces.

Inventory:

Hand Weapons
 a - a +0 spear (weapon)
Missiles
 c - 7 darts of dispersal (quivered)
 f - 3 atropa-tipped darts
Armour
 b - a +0 leather armour (worn)
Scrolls
 d - a scroll of vulnerability {unknown}
 e - 4 scrolls of identify {unknown}
 g - a scroll of enchant weapon {unknown}


   Skills:
 + Level 2.7 Fighting
 * Level 2.9 Polearms
 - Level 1.0 Throwing
 + Level 1.9 Armour
 + Level 2.1 Dodging
 + Level 2.6 Spellcasting
 + Level 3.0 Translocations


You had 8 spell levels left.
You didn't know any spells.
Your spell library contained the following spells:

 Spells                   Type           Power      Damage    Failure   Level
 Lesser Beckoning         Tloc           18%        N/A       13%         2
 Teleport Other           Tloc           9%         N/A       26%         3
 Necrotise                Necr           4%         1d4       30%         1
 Manifold Assault         Tloc           9%         N/A       63%         4
 Vampiric Draining        Necr           1%         2d6       65%         3
 Martyr's Knell           Necr/Summ      1%         N/A       96%         4
 Curse of Agony           Necr           1%         N/A       100%        5
 Blink                    Tloc           Unusable   N/A       N/A         2
 Vhi's Electric Charge    Tloc/Air       Unusable   N/A       N/A         4

Dungeon Overview and Level Annotations

Branches:
Dungeon (2/15)

Altars:

Shops:
D:2 =[

Annotations:
D:2 Natasha


Innate Abilities, Weirdness & Mutations

You cannot be hasted, slowed, berserked, paralysed or teleported.
You can dig through walls and to a lower floor.
You have a pair of large antennae on your head. (SInv)
Your four strong arms can wield two-handed weapons with a shield.


Message History

Natasha stares at you and mumbles some strange words.
The magic dart hits you! The adder closely misses you.
The rat barely misses you.
You are too injured to fight recklessly!
You are too injured to fight recklessly!
You are too injured to fight recklessly!
You are too injured to fight recklessly!
Natasha stares at you and mumbles some strange words.
You resist with some effort. The adder bites you.
There is an open door here.
You hit the adder.
You kill the adder!
You hit the rat.
You kill the rat!
Natasha howls an incantation.
Natasha glows brightly for a moment.
You barely miss Natasha. Natasha claws you but does no damage.
You closely miss Natasha.
Natasha stares at you and mumbles some strange words.
The magic dart hits you.
You closely miss Natasha.
Natasha stares at you and mumbles some strange words.
The magic dart hits you!
* * * LOW HITPOINT WARNING * * *
You barely miss Natasha. Natasha casts a spell at you.
Your stasis prevents you from being slowed.
Unknown command.
You closely miss Natasha. Natasha casts a spell at you.
The magic dart hits you.
* * * LOW HITPOINT WARNING * * *
You hit Natasha.
Natasha is lightly wounded.
Natasha claws you but does no damage.
You hit Natasha.
Natasha is heavily wounded.
Natasha claws you.
You die...
Natasha begins licking her fur clean.

.###'##.......... .. #
.#..........#.#.. .# !#
.#....<......#.#.+
#.##.#
.#................
.....
.#................ ...#
.######...........#...#
.# ########.......#
.#################...#
................@h...#
..################...#
..# ....+ ..# ....# ###
.....'. # ...###.. #
....+ .#' .# #


You could see Natasha.

Vanquished Creatures
  Natasha (twice) (D:2)
  An adder (D:2)
  A dart slug (D:1)
  3 endoplasms
  3 goblins
  A hobgoblin (D:1)
  A quokka (D:2)
  2 bats (D:1)
  4 frilled lizards (D:1)
  3 kobolds
  3 rats
24 creatures vanquished.

Notes
Turn   | Place    | Note
-------+----------+-------------------------------------------
     0 | D:1      | Croata the Formicid Warper began the quest for the Orb.
     0 | D:1      | Reached XP level 1. HP: 16/16 MP: 3/3
   215 | D:1      | Reached XP level 2. HP: 22/22 MP: 5/5
   853 | D:2      | Found Negiocau's Antique Armour Boutique.
   855 | D:2      | Noticed Natasha
   865 | D:2      | Killed Natasha
   866 | D:2      | Reached XP level 3. HP: 13/28 MP: 6/6
   946 | D:2      | Found Ibloinun's Jewellery Shoppe.
   961 | D:2      | Noticed Natasha
   967 | D:2      | Killed Natasha
   968 | D:2      | Reached skill level 3 in Translocations
   968 | D:2      | Reached XP level 4. HP: 32/34 MP: 7/7
  1200 | D:2      | Noticed Natasha
  1217 | D:2      | Slain by Natasha

Illustrated notes

Levels and vault maps discovered:
D:1:      minmay_arrival_three_doors, layout_basic, serial_glass,
          glass_columns_a, glass_columns_a, minmay_misc_feat_cross,
          minmay_misc_feat_encased
D:2:      layout_basic, hellmonk_ecumenical_altar_blasted, serial_shops,
          nicolae_shop_dealshenge, nicolae_shop_rolling_square,
          nicolae_shop_back_alley_shop, nicolae_shop_tiny_waterfront,
          minmay_misc_feat_five, uniq_natasha

Skill      XL: |  1  2  3 |
---------------+----------+-----
Dodging        | 2 |  2.1
Translocations | 3 |  3.0
Fighting       | |  2.7
Polearms       | |  2.9
Throwing       | |  1.0
Armour         | |  1.9
Spellcasting   | |  2.6

Action                     |  1- 3 |  4- 6 || total
---------------------------+-------+-------++-------
  Melee: Spear             |    69 |    33 ||   102
    Use: Potion            |     1 |       ||     1
 Armour: Leather armour    |    24 |    20 ||    44
  Dodge: Dodged            |    29 |    12 ||    41

Table legend: (Time is in decaauts)
 A = Elapsed time spent in this place.
 B = Non-inter-level travel time spent in this place.
 C = Inter-level travel time spent in this place.
 D = Time resting spent in this place.
 E = Time spent auto-exploring this place.
 F = Levels seen in this place.
 G = Mean time per level.
                   A        B        C        D        E       F      G
               +--------+--------+--------+--------+--------+-----+--------+
         Total |   1214 |   1183 |     31 |    164 |    816 |   2 |  607.0 |
       Dungeon |   1214 |   1183 |     31 |    164 |    816 |   2 |  607.0 |
               +--------+--------+--------+--------+--------+-----+--------+

Top non-repeatable levels by time:
     D:1: 833 daAuts
     D:2: 381 daAuts
